Map: Newkirk Precinct TE (Void)

Players

PandaBearMe - Winner!

  • Race: Zerg Zerg
  • Spawn Location: 7:00

Livibee

  • Race: Zerg Zerg
  • Spawn Location: 5:00

Event: WCS Austin 2017

VOD

Have the link to the VOD?

Description

Time

  • Played on: April 28, 2017, 2:57 p.m.
  • Length: 3:36

All games in this series

Show
View Real Time Build Order
Export as new Build Order

PandaBearMe Zerg - Winner!

Build Orders: Hatch First 

Get SALT Encoding   

  12  0:01  Drone  
  13  0:12  Overlord  
  13  0:17  Drone  
  14  0:31  Drone x2  
  16  0:49  Hatchery  
  15  0:52  Drone  
  15  0:56  Drone  
  17  0:59  Drone  
  18  1:04  Extractor  
  17  1:15  Spawning Pool  
  17  1:18  Drone  
  17  1:21  Drone  
  18  1:31  Drone  
  19  1:40  Overlord  
  19  1:52  Drone  
  20  2:01  Queen x2  
  20  2:04  Zergling x2  
  20  2:07  Zergling x2  
  26  2:09  Metabolic Boost  
  26  2:15  Zergling x2  
  27  2:16  Zergling x2  
  27  2:28  Spine Crawler  
  25  2:32  Zergling x2  
  25  2:43  Zergling x2  
  25  2:44  Zergling x2  
  27  2:48  Zergling x2  
  27  2:50  Zergling x2  
  26  2:57  Baneling Nest  
  25  2:59  Zergling x2  
  25  3:04  Zergling x2  
  26  3:15  Zergling x4  
Show
View Real Time Build Order
Export as new Build Order

Livibee Zerg 

Build Orders: Pool Only 

Get SALT Encoding   

  12  0:01  Drone  
  13  0:15  Extractor  
  12  0:26  Spawning Pool  
  11  0:34  Drone  
  12  0:36  Drone  
  12  0:40  Drone  
  14  0:52  Overlord  
  14  1:12  Zergling x2  
  14  1:13  Zergling x2  
  17  1:18  Zergling x2  
  17  1:27  Metabolic Boost  
  17  1:28  Zergling x2  
  18  1:37  Baneling Nest  
  18  1:39  Zergling x2  
  18  1:51  Zergling x2  
  19  1:57  Queen  
  21  2:04  Overlord  
  21  2:22  Zergling x2  
  22  2:31  Baneling x2  
  20  2:39  Zergling x4  
  20  2:51  Zergling x2  
  20  2:53  Baneling  
  20  2:56  Zergling x2  
  22  3:09  Zergling x2  
  23  3:17  Zergling x2  
  23  3:18  Zergling x4  
Tags
 
Add a new tag
Caveats
  • Supply blocks, unpowered buildings, or Contaminate may cause inaccurate times.
  • Supply counts are checked every 10 seconds.